 Dungeon Crawl Stone Soup version 0.31-a0-435-g2c6fae2916 (webtiles) character file.

Game seed: 15598576153926745824

116 CraigForest the Ruffian (level 4, -1/36 HPs)
             Began as a Minotaur Shapeshifter on Aug 1, 2023.
             Was an Initiate of the Shining One.
             Slain by a gnoll
             ... wielding a +0 club
              (7 damage)
             ... on level 3 of the Dungeon.
             The game lasted 00:05:44 (1749 turns).

CraigForest the Ruffian (Minotaur Shapeshifter)     Turns: 1749, Time: 00:05:45

Health: -1/36      AC:  8    Str: 21    XL:     4   Next: 70%
Magic:  3/3        EV:  8    Int:  5    God:    the Shining One [......]
Gold:   85         SH:  0    Dex: 11    Spells: 3/3 levels left

rFire   . .          .
                       - Unarmed
rCold   . . .        (no shield)
rNeg    . . .        l - +0 chain mail
rPois   .            (helmet currently unavailable)
rElec   .            (cloak currently unavailable)
rCorr   .            (gloves currently unavailable)
SInv    .            (boots currently unavailable)
Will    .....        (no amulet) Stlth
                     (no ring)
HPRegen 0.26/turn    (no ring)
MPRegen 0.08/turn

%: no passive effects
@: beast-form, glowing
A: beast (slay +2), horns 2, retaliatory headbutt
a: Begin Untransformation, Renounce Religion


You were on level 3 of the Dungeon.
You worshipped the Shining One.
The Shining One was noncommittal.
You were a hulking beast.
You visited 1 branch of the dungeon, and saw 3 of its levels.

You collected 85 gold pieces.

Inventory:

Missiles
 g - 6 poisoned darts (quivered)
Armour
 a - a +0 animal skin
 d - a +0 leather armour
 j - a +2 pair of gloves
 l - a +0 chain mail (worn)
Talismans
 c - a beast talisman (active)
Scrolls
 f - a scroll of blinking
 h - 2 scrolls of teleportation
Potions
 b - a potion of lignification
 k - a potion of resistance {unknown}


   Skills:
 + Level 2.0 Fighting
 + Level 1.1 Armour
 + Level 2.4 Dodging
 + Level 4.4 Unarmed Combat
 + Level 3.2 Shapeshifting


You had 3 spell levels left.
You didn't know any spells.
Your spell library was empty.

Dungeon Overview and Level Annotations

Branches:
Dungeon (3/15)

Altars:
The Shining One


Innate Abilities, Weirdness & Mutations

You are a hulking beast.
Your limbs bulge with bestial killing power. (Slay +2)
You have a pair of horns on your head.
You reflexively headbutt those who attack you in melee.


Message History

You kill the orc!
The orc completely misses you. You furiously retaliate!
You headbutt the orc!
You kill the orc!
A gnoll comes into view. It is wielding a +0 club.
Your life force feels restored.
The orc closely misses you.
You barely miss the orc. Your headbutt misses the orc.
The orc hits you but does no damage.
You hit the orc. Your punch misses the orc.
The orc is heavily wounded.
The orc barely misses you.
You barely miss the orc. You headbutt the orc.
You kill the orc!
A gnoll comes into view. It is wielding a +0 halberd.
You closely miss the gnoll. The gnoll completely misses you.
The gnoll hits you but does no damage.
Things that are here:
a +0 short sword; an orc corpse You hit the gnoll.
The gnoll is lightly wounded.
The gnoll hits you but does no damage. x2
You closely miss the gnoll.
The gnoll is lightly wounded.
The gnoll hits you with a +0 halberd! The gnoll hits you but does no damage.
You barely miss the gnoll.
The gnoll is lightly wounded.
The gnoll closely misses you. The gnoll hits you with a +0 club.
You closely miss the gnoll. You punch the gnoll, but do no damage.
The gnoll is lightly wounded.
The gnoll hits you with a +0 halberd! The gnoll barely misses you.
You closely miss the gnoll. You headbutt the gnoll!
The gnoll is severely wounded.
You completely miss the gnoll.
The gnoll is severely wounded.
The gnoll hits you with a +0 halberd. The gnoll hits you with a +0 club.
* * * LOW HITPOINT WARNING * * *
You punch the gnoll!
You kill the gnoll!
The gnoll hits you with a +0 club!
You die...

... ≈~~ ≈≈ #####
#...#
#.))#############+++
#'#...........#...
#.g.....).....)...
#h#...........#...
#)################
#.. #... #.### #.#
.. #.# .. #+# .+


You could see a gnoll.

Vanquished Creatures
  8 gnolls
  4 dart slugs
  8 orcs (D:3)
  3 endoplasms
  4 goblins
  2 hobgoblins
  A quokka (D:1)
  5 frilled lizards
  2 kobolds
37 creatures vanquished.

Notes
Turn   | Place    | Note
-------+----------+-------------------------------------------
     0 | D:1      | CraigForest the Minotaur Shapeshifter began the quest for
                  | the Orb.
     0 | D:1      | Reached XP level 1. HP: 16/16 MP: 0/0
     3 | D:1      | Noticed an electric eel
     4 | D:1      | Noticed an electric eel
   260 | D:1      | Reached XP level 2. HP: 23/23 MP: 1/1
   657 | D:2      | Found a glowing golden altar of the Shining One.
   664 | D:2      | Became a worshipper of the Shining One
   743 | D:2      | Reached XP level 3. HP: 26/28 MP: 2/2
   747 | D:2      | HP: 1/28 [gnoll/+0 halberd (13)]
   749 | D:2      | Reached skill level 4 in Unarmed Combat
  1188 | D:2      | Reached XP level 4. HP: 36/36 MP: 3/3
  1735 | D:3      | Reached skill level 1 in Armour
  1749 | D:3      | Slain by a gnoll

Illustrated notes

Levels and vault maps discovered:
D:1:      arrival_aquarium_b, layout_rooms, minmay_misc_feat_secret_circle,
          hangedman_decor_diamond_cutter, st_stairs_5, minmay_misc_feat_iff
D:2:      minmay_wonky_spiral, layout_basic, basic_altar
D:3:      lemuel_castle_with_subvaults [lemuel_castle_interior_carwin_1],
          layout_loops_ring, serial_shops, shop,
          shapermc_ecumenical_altar_pompeii, uniq_natasha

Skill      XL: |  1  2  3  4 |
---------------+-------------+-----
Shapeshifting  | 3 |  3.2
Unarmed Combat | 4 |  4.4
Fighting       | 2 |  2.0
Armour         | 1 |  1.1
Dodging        | |  2.4

Action                     |  1- 3 |  4- 6 || total
---------------------------+-------+-------++-------
  Melee: Unarmed           |    41 |    32 ||    73
         Headbutt          |     8 |     7 ||    15
         Punch             |     2 |     1 ||     3
    Use: Scroll            |     1 |     3 ||     4
 Armour: Animal skin       |     1 |       ||     1
         Leather armour    |     9 |       ||     9
         Chain mail        |       |    14 ||    14
  Dodge: Dodged            |    19 |    16 ||    35

Table legend: (Time is in decaauts)
 A = Elapsed time spent in this place.
 B = Non-inter-level travel time spent in this place.
 C = Inter-level travel time spent in this place.
 D = Time resting spent in this place.
 E = Time spent auto-exploring this place.
 F = Levels seen in this place.
 G = Mean time per level.
                   A        B        C        D        E       F      G
               +--------+--------+--------+--------+--------+-----+--------+
         Total |   1743 |   1633 |    110 |    161 |   1117 |   3 |  581.0 |
       Dungeon |   1743 |   1633 |    110 |    161 |   1117 |   3 |  581.0 |
               +--------+--------+--------+--------+--------+-----+--------+

Top non-repeatable levels by time:
     D:2: 1002 daAuts
     D:1: 620 daAuts
     D:3: 120 daAuts
